AoeStats
← 未知103

Arabia

510317410Analyzed
1v1 RM · 3d ago on Sep 30, 2026· 37m 11s· 2 players
Game mode
Random Map
Map size
Tiny (2 player)
Population
200
Speed
Normal
Resources
Standard
Victory
Conquest
Starting age
Dark Age
Ending age
Imperial Age
RankedLock teamsTeams togetherTeam positionsShared explorationLock speedFull tech treeHidden civsTurbo modeCheats
Victory
Defeat
🇨🇳 Japanese · China
1302
+14
🇫🇷 Mongols · France
1259
-14
未知103
6:25 Loom
9:15 Feudal Age
10:05 Double-Bit Axe
18:35 Fletching
20:51 Horse Collar
22:04 Wheelbarrow
22:29 Padded Archer Armor
24:51 Castle Age
22:56 Padded Archer Armor
24:19 Gold Mining
26:03 Bodkin Arrow
29:15 Bow Saw
32:34 Ballistics
32:22 Husbandry
32:33 Bloodlines
M.ah
7:13 Loom
9:41 Feudal Age
10:14 Double-Bit Axe
10:12 Horse Collar
22:58 Castle Age
22:05 Gold Mining
23:58 Scale Barding Armor
24:05 Forging
27:46 Bow Saw
28:44 Bloodlines
29:08 Chain Barding Armor
35:45 Husbandry
Connection lost

Rejoining the realm…

Still unreachable

The connection could not be restored.

Session expired

The server has moved on; the page needs a fresh start.